 Dungeon Crawl Stone Soup version 0.31-a0-435-g2c6fae2916 (webtiles) character file.

Game seed: 10245718956254368404

56 randomguy2701 the Trooper (level 3, 0/33 HPs)
             Began as a Hill Orc Fighter on Aug 2, 2023.
             Slain by a goblin
             ... wielding a +0 club
             ... led by Robin
              (6 damage)
             ... on level 2 of the Dungeon.
             The game lasted 00:00:48 (1035 turns).

randomguy2701 the Trooper (Hill Orc Fighter)        Turns: 1035, Time: 00:00:50

Health: 0/33       AC:  7    Str: 18    XL:     3   Next: 95%
Magic:  3/3        EV:  9    Int:  8    God:
Gold:   102        SH:  4    Dex: 12    Spells: 2/2 levels left

rFire   . . .        a - +0 war axe
rCold   . . .        c - +0 buckler
rNeg    . . .        b - +0 scale mail
rPois   .            (no helmet)
rElec   .            (no cloak)
rCorr   .            (no gloves)
SInv    .            (no boots)
Will    .....        (no amulet) Stlth
                     (no ring)
HPRegen 0.25/turn    (no ring)
MPRegen 0.08/turn

%: no passive effects
@: lethally poisoned (0 -> -5)
A: no striking features
a: no special abilities


You were on level 2 of the Dungeon.
You visited 1 branch of the dungeon, and saw 2 of its levels.

You collected 102 gold pieces.

Inventory:

Hand Weapons
 a - a +0 war axe (weapon)
Armour
 b - a +0 scale mail (worn)
 c - a +0 buckler (worn)
Scrolls
 e - a scroll of revelation {unknown}
 f - a scroll of teleportation {unknown}
 j - a scroll of identify {unknown}
 k - a scroll of enchant weapon {unknown}
 m - a scroll of torment {unknown}
 o - a scroll of silence {unknown}
 p - a scroll of blinking {unknown}
Potions
 d - a potion of might
 g - a potion of curing {unknown}
 h - a potion of invisibility {unknown}
 i - a potion of heal wounds {unknown}
 l - a potion of resistance {unknown}
 n - 2 potions of haste {unknown}


   Skills:
 + Level 4.1 Fighting
 + Level 3.9 Axes
 + Level 4.0 Armour
 + Level 0.2 Dodging
 + Level 3.4 Shields


You had 2 spell levels left.
You didn't know any spells.
Your spell library contained the following spells:

 Spells                   Type           Power      Damage    Failure   Level
 Vhi's Electric Charge    Tloc/Air       0%         N/A       99%         3
 Arcjolt                  Conj/Air       0%         1d10      100%        5
 Maxwell's Capacitive Co  Air            0%         ∞         100%        8


Dungeon Overview and Level Annotations

Branches:
Dungeon (2/15)

Altars:

Annotations:
D:2 Robin


Message History

You barely miss the goblin.
Robin roars a battlecry!
The goblins go into a battle-frenzy!
The goblin hits you but does no damage. x2
The hobgoblin hits you but does no damage.
You slash the goblin!
You kill the goblin!
You barely miss the goblin. You hit the hobgoblin but do no damage.
You hit the goblin but do no damage. The hobgoblin hits you.
The goblin hits you but does no damage. The goblin barely misses you.
Robin throws the goblin at you! You block the goblin's attack.
The goblin hits you with a +0 dagger. The hobgoblin barely misses you.
The goblin barely misses you.
You closely miss the goblin. You barely miss the goblin. x2
You barely miss the hobgoblin. You block the hobgoblin's attack.
The goblin hits you with a +0 club. x2; The goblin hits you with a +0 dagger.
You hit the goblin.
You kill the goblin!
You closely miss the hobgoblin. You closely miss the goblin.
You hit the goblin.
You kill the goblin!
Robin throws the goblin at you! The goblin hits you but does no damage.
The hobgoblin hits you but does no damage.
You block the goblin's attack.
You barely miss the goblin. You hit the goblin.
You kill the goblin!
You barely miss the hobgoblin. You hit the goblin.
You kill the goblin!
The goblin hits you but does no damage. The hobgoblin barely misses you.
The hobgoblin hits you. The goblin hits you but does no damage.
The goblin hits you with a +0 club. Robin hits you with a +4 whip of venom.
* * * LOW HITPOINT WARNING * * *
You are poisoned.
You closely miss the goblin. You slash the goblin!
You kill the goblin!
You completely miss Robin. You barely miss the hobgoblin.
* * * LOW HITPOINT WARNING * * *
You feel very sick. The goblin hits you with a +0 club.
You die...

#. #$ .. #.
#####. .....
#####.g########
....>gg@g...(.#
..###.)##.###.#
.....#....#.#
########.#.#.#
..........#
#######...#
#...# #...#
#...#


You could see Robin, 2 hobgoblins and a goblin (strong).

Vanquished Creatures
  An adder (D:2)
  3 dart slugs
  4 ball pythons
  A bat (D:1)
  4 endoplasms
  A giant cockroach (D:1)
  9 goblins
  4 hobgoblins
  2 jackals (D:2)
  3 kobolds
  A quokka (D:1)
  3 frilled lizards
  3 rats
39 creatures vanquished.

Notes
Turn   | Place    | Note
-------+----------+-------------------------------------------
     0 | D:1      | randomguy2701 the Hill Orc Fighter began the quest for the
                  | Orb.
     0 | D:1      | Reached XP level 1. HP: 19/19 MP: 1/1
   190 | D:1      | Reached XP level 2. HP: 27/27 MP: 2/2
   378 | D:1      | Reached XP level 3. HP: 32/33 MP: 3/3
  1025 | D:2      | Noticed Robin
  1035 | D:2      | Slain by a goblin

Illustrated notes

Levels and vault maps discovered:
D:1:      orjb1_lava_funnel, layout_loops_ring, minivault_25
D:2:      layout_basic, basic_altar, grunt_decor_junction, uniq_robin,
          uniq_crazy_yiuf_cottage

Skill      XL: |  1  2  3 |
---------------+----------+-----
Axes           | 3 |  3.9
Fighting       | 4 |  4.1
Armour         | 4 |  4.0
Dodging        | |  0.2
Shields        | |  3.4

Action                     || total
---------------------------++-------
  Melee: War axe           ||    90
 Armour: Scale mail        ||    58
  Dodge: Dodged            ||    39
  Block: Buckler           ||    16

Table legend: (Time is in decaauts)
 A = Elapsed time spent in this place.
 B = Non-inter-level travel time spent in this place.
 C = Inter-level travel time spent in this place.
 D = Time resting spent in this place.
 E = Time spent auto-exploring this place.
 F = Levels seen in this place.
 G = Mean time per level.
                   A        B        C        D        E       F      G
               +--------+--------+--------+--------+--------+-----+--------+
         Total |   1068 |   1054 |     14 |      0 |    852 |   2 |  534.0 |
       Dungeon |   1068 |   1054 |     14 |      0 |    852 |   2 |  534.0 |
               +--------+--------+--------+--------+--------+-----+--------+

Top non-repeatable levels by time:
     D:1: 661 daAuts
     D:2: 406 daAuts
